 Dungeon Crawl Stone Soup version 0.31-a0-1082-g7d1fb776a8 (webtiles) character file.

Game seed: 14679621014081539258

1983 Flugslaktarn the Mimic (level 9, -10/62 HPs)
             Began as an Octopode Shapeshifter on Nov 28, 2023.
             Succumbed to a gnoll sergeant's poison
             ... on level 6 of the Dungeon.
             The game lasted 00:03:51 (5813 turns).

Flugslaktarn the Mimic (Octopode Shapeshifter)      Turns: 5813, Time: 00:03:51

Health: -10/62     AC:  1    Str: 19    XL:     9   Next: 20%
Magic:  9/9        EV: 11    Int: 10    God:
Gold:   317        SH:  7    Dex: 12    Spells: 8/8 levels left

rFire   + .          .
                       - Unarmed
rCold   . . .        n - +0 kite shield
rNeg    . . .        (helmet currently unavailable)
rPois   .            a - amulet of the acrobat
rElec   .            j - +4 ring of slaying
rCorr   .            f - ring of protection from fire
SInv    .            (no ring)
Will    .....        (no ring)
Stlth   ++           (no ring)
HPRegen 0.30/turn    (no ring)
MPRegen 0.11/turn    (no ring)
                     (no ring)

%: acrobat
@: lethally poisoned (-10 -> -43), beast-form
A: beast (slay +4), almost no armour, amphibious, 8 rings, camouflage 1,
gelatinous body 1, (nimble swimmer 1), tentacles, dopey 1, strong 1, inability
to drink after injury 1, inability to read after injury 1
a: Begin Untransformation


You were on level 6 of the Dungeon.
You were a hulking beast.
You visited 1 branch of the dungeon, and saw 7 of its levels.

You collected 317 gold pieces.

Inventory:

Missiles
 g - a throwing net
Armour
 n - a +0 kite shield (worn)
   (You found it on level 6 of the Dungeon)
Jewellery
 a - an amulet of the acrobat (around mantle)
   (You found it on level 7 of the Dungeon)
 f - a ring of protection from fire (right tentacle)
   (You found it on level 6 of the Dungeon)
 i - a ring of ice
   (You found it on level 5 of the Dungeon)
 j - a +4 ring of slaying (left tentacle)
   (You found it on level 3 of the Dungeon)
Talismans
 b - a beast talisman
 c - a flux talisman
 p - a maw talisman
   (You found it on level 4 of the Dungeon)
Scrolls
 e - a scroll of silence
 k - 3 scrolls of fog
 q - a scroll of enchant weapon {unknown}
 t - a scroll of teleportation
 u - a scroll of immolation {unknown}
 z - a scroll of blinking
Potions
 d - 2 potions of magic
 h - a potion of heal wounds {unknown}
 l - a potion of enlightenment {unknown}
 o - a potion of cancellation {unknown}


   Skills:
 + Level 5.8 Fighting
 - Level 2.0 Dodging
 + Level 0.9 Shields
 + Level 6.5 Unarmed Combat
 * Level 8.2 Shapeshifting


You had 8 spell levels left.
You didn't know any spells.
Your spell library was empty.

Dungeon Overview and Level Annotations

Branches:
Dungeon (7/15)
 Temple: D:4-7

Altars:
Elyvilon
Hepliaklqana
Kikubaaqudgha
Ru
Trog

Annotations:
D:6 1 runed translucent door, Yohl's ghost, novice DjFE


Innate Abilities, Weirdness & Mutations

You are a hulking beast.
Your limbs bulge with bestial killing power. (Slay +4)
You cannot wear most types of armour.
You are amphibious.
You can wear up to eight rings at the same time.
Your skin changes colour to match your surroundings (Stealth+).
Your rubbery body absorbs attacks. (AC +1, EV +1)
((You are camouflaged when in or above water. (Stealth+)))
You have tentacles for arms and can constrict up to eight enemies at once.
You are dopey. (Int -2)
Your muscles are strong. (Str +4, Int/Dex -1)
You occasionally lose the ability to drink potions when taking damage.
You occasionally lose the ability to read scrolls when taking damage.


Message History

No target in view!
Okay, then.
You see here a +0 halberd.
A gnoll sergeant comes into view. It is wielding a +2 spear of venom.
A gnoll sergeant is nearby!
A gnoll sergeant is nearby!
A howler monkey comes into view.
A gnoll and a howler monkey come into view.
A howler monkey comes into view.
Found 6 stones.
The gnoll sergeant shouts!
The howler monkey howls!
The gnoll shouts!
The howler monkey howls!
The howler monkey hoots and howls with incredible vigour!
The gnoll sergeant barely misses you.
The howler monkey howls!
The gnoll sergeant hits you with a +2 spear of venom!
You are poisoned.
You see here 11 gold pieces.
You bludgeon the gnoll sergeant! Your grab misses the gnoll sergeant.
You squeeze the gnoll sergeant!
The gnoll sergeant is severely wounded.
You feel extremely sick.
The howler monkey hoots and howls with incredible vigour!
The gnoll sergeant completely misses you.
The gnoll closely misses you. The howler monkey closely misses you.
You feel very sick. The gnoll sergeant barely misses you.
The gnoll hits you from afar with a +0 spear!
The howler monkey attacks as it pursues you!
The howler monkey misses you.
You feel very sick.
The howler monkey hoots and howls with incredible vigour!
You hear a shout!
You feel very sick.
The gnoll sergeant attacks as it pursues you!
The gnoll sergeant misses you. The gnoll attacks as it pursues you!
The gnoll closely misses you.
Okay, then.
Blink to where?
Press: ? - help, Dir - move target
As you read the scroll of blinking, it crumbles to dust.
You feel very sick.
You feel sick.
You feel sick.
You feel sick.
You see here a +0 halberd.
You feel sick.
You feel sick.
You feel sick.
The howler monkey hoots and howls with incredible vigour!
You feel sick.
You feel sick.
You are no longer poisoned.
Found a stone staircase leading up.
The howler monkey hoots and howls with incredible vigour!
There is a stone staircase leading up here.
The gnoll hits you from afar with a +0 spear.
* * * LOW HITPOINT WARNING * * *
You climb upwards.
Level annotation: 1 runed translucent door, Yohl's ghost, novice DjFE
There is a stone staircase leading down here.
You start resting.
HP restored.
You climb downwards.
The howler monkey hoots and howls with incredible vigour!
You hear a howl!
You hear a shout!
You hear an angry hiss.
There is a stone staircase leading up here.
The howler monkey misses you.
You bludgeon the howler monkey! You grab the howler monkey.
The howler monkey is heavily wounded.
You constrict the howler monkey. You block the howler monkey's attack.
The gnoll sergeant hits you from afar with a +2 spear of venom!
You are poisoned.
You tentacle-slap the howler monkey.
The howler monkey is almost dead.
You constrict the howler monkey.
You feel sick. You block the howler monkey's attack.
The gnoll sergeant hits you from afar with a +2 spear of venom!
You are more poisoned.
You bludgeon the howler monkey!
You kill the howler monkey!
You feel very sick. The gnoll sergeant closely misses you.
You feel sick. The gnoll misses you.
The gnoll sergeant hits you with a +2 spear of venom!
You are more poisoned.
* * * LOW HITPOINT WARNING * * *
You feel very sick. You block the gnoll sergeant's attack.
* * * LOW HITPOINT WARNING * * *
You feel very sick.
There is a stone staircase leading up here.
* * * LOW HITPOINT WARNING * * *
You feel very sick.
The gnoll sergeant hits you from afar with a +2 spear of venom!
* * * LOW HITPOINT WARNING * * *
You are more poisoned.
You climb upwards.
Level annotation: 1 runed translucent door, Yohl's ghost, novice DjFE You die...

#........###..#.##.)...
#####.##.##......#[....
########.##.##............
#........##.#.............
#........##.#......).....?
#........##>#.............
#.........#.#.............
#.......#.................
####.###.h..[....?........
#..##....⌠....♣........
##.##..................
#..#........♣..♣......
##.#####..............
#..###...##..........
##.#...#.##..........
##.#.###...P.........
#....##..≈≈..........


There were no monsters in sight!

Vanquished Creatures
  Grinder (D:5)
  Eustachio (D:4)
  3 ice beasts
  2 ogres
  A phantom (D:5)
  3 bullfrogs (D:6)
  A scorpion (D:6)
  2 howler monkeys
  A quasit (D:6)
  6 hounds
  2 jellies (D:6)
  3 orc priests (D:6)
  A sleepcap (D:7)
  4 iguanas
  9 gnolls
  7 adders
  5 shadow imps
  4 white imps (D:6)
  2 ufetubi (D:6)
  A worm (D:4)
  2 dart slugs
  7 orcs
  4 endoplasms
  4 giant cockroaches
  6 goblins
  5 hobgoblins
  8 jackals
  A quokka (D:1)
  6 ball pythons
  14 bats
  7 frilled lizards
  7 kobolds
  3 rats
133 creatures vanquished.

Notes
Turn   | Place    | Note
-------+----------+-------------------------------------------
     0 | D:1      | Flugslaktarn the Octopode Shapeshifter began the quest for
                  | the Orb.
     0 | D:1      | Reached XP level 1. HP: 13/13 MP: 1/1
    63 | D:1      | Reached XP level 2. HP: 10/18 MP: 2/2
   450 | D:1      | Reached XP level 3. HP: 23/23 MP: 3/3
  1031 | D:2      | Reached XP level 4. HP: 28/29 MP: 4/4
  1157 | D:2      | Reached skill level 4 in Shapeshifting
  2038 | D:4      | Found a white marble altar of Elyvilon.
  2040 | D:4      | Noticed Eustachio
  2146 | D:4      | Killed Eustachio
  2147 | D:4      | Reached XP level 5. HP: 15/36 MP: 5/5
  2147 | D:4      | Reached XP level 6. HP: 17/41 MP: 6/6
  2281 | D:4      | Found a sacrificial altar of Ru.
  2459 | D:4      | Reached skill level 5 in Shapeshifting
  2888 | D:4      | Found a hazy altar of Hepliaklqana.
  2994 | D:4      | Reached XP level 7. HP: 41/46 MP: 7/7
  3081 | D:4      | Found a bloodstained altar of Trog.
  3275 | D:5      | Entered Level 5 of the Dungeon
  3364 | D:5      | Noticed Grinder
  3375 | D:5      | Killed Grinder
  3376 | D:5      | Reached skill level 5 in Unarmed Combat
  3376 | D:5      | Reached skill level 6 in Shapeshifting
  3378 | D:5      | HP: 1/72 [iguana (7)]
  3562 | D:5      | Gained mutation: Your spells are a little harder to cast,
                  | but a little more powerful. [potion of mutation]
  3562 | D:5      | Gained mutation: Your mind is acute. (Int +4, Str/Dex -1)
                  | [potion of mutation]
  3813 | D:5      | Reached XP level 8. HP: 46/54 MP: 8/8
  4091 | D:5      | Lost mutation: Your mind is acute. (Int +4, Str/Dex -1)
                  | [potion of mutation]
  4091 | D:5      | Lost mutation: Your spells are a little harder to cast, but
                  | a little more powerful. [potion of mutation]
  4091 | D:5      | Gained mutation: Your muscles are strong. (Str +4, Int/Dex
                  | -1) [potion of mutation]
  4091 | D:5      | Gained mutation: You have hidden genetic defects. [potion
                  | of mutation]
  4091 | D:5      | Gained mutation: You occasionally lose the ability to drink
                  | potions when taking damage. [potion of mutation]
  4182 | D:6      | HP: 2/54 [white imp/puff of frost (10)]
  4411 | D:6      | Reached skill level 7 in Shapeshifting
  4432 | D:6      | Reached skill level 5 in Fighting
  4434 | D:6      | Gained mutation: You occasionally lose the ability to read
                  | scrolls when taking damage. [hidden defects]
  4582 | D:6      | Found a runed translucent door.
  4689 | D:6      | Noticed Yohl's ghost (novice DjFE)
  4701 | D:6      | Gained mutation: You are dopey. (Int -2) [hidden defects]
  4701 | D:6      | Lost mutation: You have hidden genetic defects. [hidden
                  | defects expressed]
  4981 | D:6      | Reached XP level 9. HP: 33/61 MP: 9/9
  5138 | D:6      | Reached skill level 8 in Shapeshifting
  5524 | D:7      | Found an ancient bone altar of Kikubaaqudgha.
  5812 | D:7      | HP: 1/62 [gnoll sergeant/+2 spear of venom (11)]
  5813 | D:6      | Succumbed to a gnoll sergeant's poison

Illustrated notes

Levels and vault maps discovered:
D:1:      minmay_arrival_semitransparent, layout_loops_cross, minmay_ruptured
D:2:      layout_loops_ring, kennysheep_boxes
D:3:      layout_basic
D:4:      layout_loops_ring, nicolae_overflow_crystal_walls, bloody_trog,
          mainiacjoe_overflow_brackets, nicolae_hepliaklqana_hazy_memory,
          kennysheep_windowed_goal, uniq_eustachio
D:5:      layout_rooms, uniq_grinder
D:6:      layout_rooms, ebering_ghost_sewer_d, serial_demonic, serial_demonic_a,
          serial_demonic_g, serial_demonic_d, serial_demonic_b, roderic_batcave,
          minmay_crystal_room
D:7:      layout_loops_cross, amcnicky_altar_gilded,
          minmay_temple_entry_overgrown

Skill      XL: |  1  2  3  4  5  6  7  8  9 |
---------------+----------------------------+-----
Fighting       | 2 3 4 5 |  5.8
Shapeshifting  | 4 5 6 7 8 |  8.2
Unarmed Combat | 4 5 6 |  6.5
Dodging        | |  2.0
Shields        | |  0.9

Action                     |  1- 3 |  4- 6 |  7- 9 || total
---------------------------+-------+-------+-------++-------
  Melee: Unarmed           |    47 |    81 |   139 ||   267
         Constrict         |    12 |    25 |    39 ||    76
         Tentacles         |     3 |    19 |    39 ||    61
         Punch             |     1 |     1 |     5 ||     7
    Use: Potion            |       |       |     9 ||     9
         Scroll            |       |       |     9 ||     9
   Stab: Sleeping          |     5 |     8 |       ||    13
 Armour: Skin              |    20 |    40 |    76 ||   136
  Dodge: Dodged            |    19 |    43 |   108 ||   170
  Block: Kite shield       |       |       |     6 ||     6

Table legend: (Time is in decaauts)
 A = Elapsed time spent in this place.
 B = Non-inter-level travel time spent in this place.
 C = Inter-level travel time spent in this place.
 D = Time resting spent in this place.
 E = Time spent auto-exploring this place.
 F = Levels seen in this place.
 G = Mean time per level.
                   A        B        C        D        E       F      G
               +--------+--------+--------+--------+--------+-----+--------+
         Total |   5765 |   5538 |    227 |   1307 |   3279 |   7 |  823.6 |
       Dungeon |   5765 |   5538 |    227 |   1307 |   3279 |   7 |  823.6 |
               +--------+--------+--------+--------+--------+-----+--------+

Top non-repeatable levels by time:
     D:6: 1219 daAuts
     D:5: 1026 daAuts
     D:3: 967 daAuts
     D:4: 904 daAuts
     D:2: 733 daAuts
     D:1: 664 daAuts
     D:7: 251 daAuts
